 Dungeon Crawl Stone Soup version 0.29.1-4-g47bece8355 (webtiles) character file.

Game seed: 12351077314232889807

130 safid the Shooter (level 4, 0/41 HPs)
             Began as a Minotaur Hunter on Dec 1, 2022.
             Slain by a worm (15 damage)
             ... on level 3 of the Dungeon.
             The game lasted 00:03:13 (1756 turns).

safid the Shooter (Minotaur Hunter)                 Turns: 1756, Time: 00:03:14

Health: 0/41       AC:  6    Str: 16    XL:     4   Next: 90%
Magic:  3/3        EV: 10    Int:  6    God:
Gold:   119        SH:  0    Dex: 15    Spells: 3/3 levels left

rFire   . . .      SeeInvis .   a - +0 shortbow
rCold   . . .      Faith    .   (shield currently unavailable)
rNeg    . . .      Spirit   .   r - +0 scale mail
rPois   .          Reflect  .   (helmet restricted)
rElec   .          Harm     .   (no cloak)
rCorr   .          Rampage  .   (no gloves)
Will    .....                   (no boots)
Stlth   ..........              (no amulet)
HPRegen 0.13/turn               (no ring)
MPRegen 0.08/turn               (no ring)

@: no status effects
A: horns 2, retaliatory headbutt
a: no special abilities


You were on level 3 of the Dungeon.
You visited 1 branch of the dungeon, and saw 3 of its levels.

You collected 179 gold pieces.
You spent 60 gold pieces at shops.

Inventory:

Hand Weapons
 a - a +0 shortbow (weapon)
Armour
 r - a +0 scale mail (worn)
Scrolls
 d - 5 scrolls of teleportation {unknown}
 e - 2 scrolls of identify {unknown}
 g - a scroll of amnesia {unknown}
 h - a scroll of butterflies {unknown}
 j - a scroll of enchant weapon {unknown}
 o - a scroll of fear {unknown}
Potions
 b - a potion of magic {unknown}
 c - 3 potions of flight {unknown}
 f - 2 potions of attraction {unknown}
 i - a potion of lignification {unknown}
 k - 2 potions of degeneration {unknown}
 l - a potion of heal wounds
 n - a potion of haste {unknown}
 p - a potion of curing {unknown}
 q - a potion of might {unknown}


   Skills:
 + Level 4.7 Fighting
 + Level 5.7 Ranged Weapons
 - Level 2.1 Dodging
 - Level 0.7 Stealth


You had 3 spell levels left.
You didn't know any spells.
Your spell library contained the following spells:

 Spells                   Type           Power      Damage    Failure   Level
 Slow                     Hex            0%         N/A       88%         1
 Confusing Touch          Hex            0%         N/A       99%         3
 Vampiric Draining        Necr           0%         2d6       99%         3


Dungeon Overview and Level Annotations

Branches:
Dungeon (3/15)

Altars:
Cheibriados
Elyvilon
Gozag
Trog

Shops:
D:2 !   D:3 (


Innate Abilities, Weirdness & Mutations

You have a pair of horns on your head.
You reflexively headbutt those who attack you in melee.


Message History

You shoot an arrow. The arrow barely misses the worm.
You shoot an arrow. The arrow hits the worm.
The worm is severely wounded.
You shoot an arrow. The arrow hits the worm!
You kill the worm!
No target in view!
No target in view!
No target in view!
No target in view!
No target in view!
No target in view!
A moth of wrath is nearby!
Your line of fire to the moth of wrath is blocked by an iron grate.
Your line of fire to the moth of wrath is blocked by an iron grate.
A worm comes into view.
Found a mace.
Found a club.
The moth of wrath goads the rat on!
The rat goes berserk!
You shoot an arrow. The arrow barely misses the rat.
The rat bites you.
You shoot an arrow. The arrow hits the rat.
You kill the rat!
Your line of fire to the moth of wrath is blocked by an iron grate.
Your line of fire to the moth of wrath is blocked by an iron grate.
Your line of fire to the moth of wrath is blocked by an iron grate.
Unknown command.
You shoot an arrow. The arrow hits the worm.
The worm is lightly wounded.
The moth of wrath goads the worm on!
The worm goes berserk!
You shoot an arrow. The arrow hits the worm!
The worm is heavily wounded.
The worm bites you but does no damage.
You shoot an arrow. The arrow hits the worm.
The worm is heavily wounded.
The worm bites you.
You shoot an arrow. The arrow hits the worm.
The worm is severely wounded.
The worm bites you!
You shoot an arrow. The arrow hits the worm!
The worm is almost dead.
The worm bites you! x2
You die...

.........##.......##.............
........##.........#....####.....
........##....#....##...# #.....
#######.#....###...##..## #.....
.#)._.#y#......########.##
....###...####........##
#)...#....# #..........
#.)...†...# #..........
##)...w@.## #..........
###....######..........
######..##⌠.⌠.....###
##.##.∩......# #.##⌠.⌠########
#.........##... #########.##...
#.##... #......


You could see a moth of wrath and a worm (berserk).

Vanquished Creatures
  A scorpion (D:2)
  2 adders (D:2)
  A worm (D:3)
  7 endoplasms
  4 giant cockroaches
  4 goblins
  3 hobgoblins
  4 jackals (D:1)
  5 kobolds
  3 quokkas
  A ball python (D:2)
  3 bats
  4 frilled lizards
  7 rats
49 creatures vanquished.

Notes
Turn   | Place    | Note
-------+----------+-------------------------------------------
     0 | D:1      | safid the Minotaur Hunter began the quest for the Orb.
     0 | D:1      | Reached XP level 1. HP: 18/18 MP: 0/0
   142 | D:1      | Reached XP level 2. HP: 25/25 MP: 1/1
   583 | D:1      | Reached skill level 5 in Ranged Weapons
   583 | D:1      | Reached XP level 3. HP: 31/31 MP: 2/2
   644 | D:1      | Found a faded altar of an unknown god.
   791 | D:2      | Found Ditu's Distillery.
   800 | D:2      | Bought a potion of heal wounds for 60 gold pieces
   903 | D:2      | Noticed a scorpion
   906 | D:2      | Killed a scorpion
   907 | D:2      | Reached XP level 4. HP: 41/41 MP: 3/3
  1420 | D:3      | Found Afoloene's Weapon Emporium.
  1637 | D:3      | Found a snail-covered altar of Cheibriados.
  1646 | D:3      | Found a white marble altar of Elyvilon.
  1649 | D:3      | Found an opulent altar of Gozag.
  1717 | D:3      | Noticed a moth of wrath
  1720 | D:3      | Found a bloodstained altar of Trog.
  1756 | D:3      | Slain by a worm

Illustrated notes

Levels and vault maps discovered:
D:1:      matt_arrival_refuge, layout_loops_ring,
          hellmonk_ecumenical_altar_leap_of_faith
D:2:      layout_basic, serial_shops, shop
D:3:      layout_basic, tgw_trog, minitemple, serial_shops, shop_fountains,
          serial_glass, glass_columns_a, glass_columns_c, grunt_ministairs_4,
          grunt_decor_one_mirror, wander_ebering_terrifying_dragon_lair

Skill      XL: |  1  2  3 |
---------------+----------+-----
Fighting       | 3 4 |  4.7
Ranged Weapons | 5 |  5.7
Dodging        | |  2.1
Stealth        | |  0.7

Action                   |  1- 3 |  4- 6 || total
-------------------------+-------+-------++-------
 Fire: Shortbow          |    80 |    37 ||   117
Armor: Leather armour    |     6 |       ||     6
       Scale mail        |       |     1 ||     1
Dodge: Dodged            |    14 |     3 ||    17
